 Dungeon Crawl Stone Soup version 0.28.0-53-g5a82cb258f (webtiles) character file.

Game seed: 12228429512668360329

732 styxcanada the Covert (level 7, -2/35 HPs)
             Began as a Spriggan Brigand on Aug 5, 2022.
             Was an Initiate of Gozag.
             Slain by an orc
             ... wielding a +0 hand axe
              (5 damage)
             ... while paralysed by Grinder
             ... on level 5 of the Dungeon.
             The game lasted 00:22:29 (5486 turns).

styxcanada the Covert (Spriggan Brigand)            Turns: 5486, Time: 00:22:30

Health: -2/35      AC:  3    Str:  7    XL:     7   Next: 45%
Magic:  11/11      EV:  4    Int: 13    God:    Gozag
Gold:   267        SH:  0    Dex: 18    Spells: 7/10 levels left

rFire   . . .      SeeInvis +   m - +3 dagger (drain)
rCold   . . .      Faith    .   s - +3 warlock's mirror {reflect}
rNeg    . . .      Spirit   .   b - +0 robe
rPois   .          Reflect  +   (helmet restricted)
rElec   .          Harm     .   c - +0 cloak
rCorr   .          Rampage  .   (gloves unavailable)
Will    +....                   (boots unavailable)
Stlth   ++++......              (no amulet)
HPRegen 0.11/turn               q - +4 ring of evasion
MPRegen 0.12/turn               (no ring)

@: paralysed, gold aura, very quick
A: very small, no large weapons, unfitting armour, see invisible, speed 3
a: Renounce Religion, Potion Petition, Call Merchant, Bribe Branch


You were on level 5 of the Dungeon.
You worshipped Gozag.
Gozag was aware of your devotion.
You visited 2 branches of the dungeon, and saw 6 of its levels.

You collected 391 gold pieces.
You spent 48 gold pieces at shops.
You paid 76 gold pieces to Gozag.

Inventory:

Hand Weapons
 a - a +2 dagger
 i - a +0 hunting sling
 m - a +3 dagger of draining (weapon)
Missiles
 d - 3 poisoned darts (quivered)
 e - 2 curare-tipped darts
 f - 149 stones
 w - a throwing net
Armour
 b - a +0 robe (worn)
 c - a +0 cloak (worn)
 s - the +3 warlock's mirror (worn) {reflect}
   (You acquired it on level 3 of the Dungeon)

   It can block and reflect piercing ranged attacks and magical attacks against
   the wielder's willpower.
Jewellery
 q - a +4 ring of evasion (left hand)
 v - a ring of fire
Wands
 y - a wand of flame (14)
Scrolls
 j - 2 scrolls of enchant weapon
 n - 5 scrolls of teleportation
 x - a scroll of silence
Potions
 g - a potion of mutation
 h - 3 potions of curing
 k - a potion of flight
 l - a potion of cancellation
 o - 3 potions of lignification {unknown}
 p - 2 potions of heal wounds {unknown}
 r - a potion of haste {unknown}
 t - a potion of brilliance {unknown}
 u - 2 potions of invisibility {unknown}


   Skills:
 + Level 2.9 Fighting
 + Level 3.8 Short Blades
 + Level 2.2 Throwing
 * Level 3.4 Dodging
 * Level 9.2 Stealth
 * Level 1.2 Shields
 * Level 2.1 Spellcasting
 * Level 2.2 Transmutations
 * Level 1.3 Air Magic
 * Level 1.9 Poison Magic
 * Level 0.9 Evocations


You had 7 spell levels left.
You knew the following spells:

 Your Spells              Type           Power      Damage    Failure   Level
a - Sting                 Tmut/Pois      24%        1d4       22%         1
b - Poisonous Vapours     Pois/Air       10%        N/A       38%         2

Your spell library contained the following spells:

 Spells                   Type           Power      Damage    Failure   Level
 Olgreb's Toxic Radiance  Pois           6%         N/A       94%         4


Dungeon Overview and Level Annotations

Branches:
Dungeon (5/15)             Temple (1/1) D:4

Altars:
Cheibriados
Elyvilon
Gozag
Kikubaaqudgha
Nemelex Xobeh
Okawaru
Ru
Sif Muna
Wu Jian
Xom
Yredelemnul
Zin

Shops:
D:3 *!(

Annotations:
D:3 3 runed translucent doors, NotreDorf's ghost, amateur MfGl
D:5 Grinder


Innate Abilities, Weirdness & Mutations

You are very small and have problems with some larger weapons.
You are too small for most types of armour.
You have supernaturally acute eyesight. (SInv)
You cover ground extremely quickly. (Speed+++)


Message History

A hound comes into view.
The centaur hits you. The centaur completely misses you.
You barely miss the centaur.
The centaur is almost dead.
You block the centaur's attack. The centaur completely misses you.
You closely miss the centaur.
The centaur is almost dead.
You block the centaur's attack. x2; The centaur misses you. x2
You hit the centaur but do no damage. You drain the centaur.
You kill the centaur!
Grinder gestures at you.
You easily resist.
You hit the hound but do no damage. You drain the hound.
The hound is lightly wounded.
The hound bites you.
You hit the hound.
The hound is moderately wounded.
The hound bites you.
A jackal comes into view.
You miss the hound.
The hound is moderately wounded.
The hound misses you. Grinder gestures at you.
You suddenly lose the ability to move!
The hound bites you. The hound bites you. Grinder completely misses you.
The hound bites you. Grinder hits you but does no damage.
The hound barely misses you. The hound bites you. Grinder hits you.
* * * LOW HITPOINT WARNING * * *
You writhe in agony.
* * * LOW HITPOINT WARNING * * *
The hound pauses to sniff the ground.
The hound bites you.
* * * LOW HITPOINT WARNING * * *
Grinder blinks!
The hound barely misses you. The hound bites you.
* * * LOW HITPOINT WARNING * * *
The orc hits you with a +0 hand axe.
You die...
Your body crumbles into a pile of gold.

#.....# #....##
#.....######.#
###..........#
#....####### #....#
#### $ ####....## ...#
. # .........# ...#
....#.########..##...#
#......h@oo5.(.((...#
#.##.############...#
# ...# o.c# o..# ....
####. .#


You could see Grinder, a hound (drained) and 2 orcs.

Vanquished Creatures
  2 ogres (D:4)
  A centaur (D:5)
  A water moccasin zombie (D:5)
  A scorpion (D:4)
  3 hounds (D:4)
  An iguana (D:4)
  A hound skeleton (D:4)
  7 adders
  4 gnolls (D:3)
  A shadow imp (D:3)
  A white imp (D:5)
  2 adder skeletons (D:4)
  3 worms (D:2)
  A dart slug (D:4)
  5 orcs
  7 endoplasms
  3 giant cockroaches
  7 goblins
  8 hobgoblins
  7 jackals
  5 quokkas
  9 ball pythons
  8 bats
  5 frilled lizards
  7 kobolds
  25 rats
125 creatures vanquished.

Notes
Turn   | Place    | Note
-------+----------+-------------------------------------------
     0 | D:1      | styxcanada the Spriggan Brigand began the quest for the
                  | Orb.
     0 | D:1      | Reached XP level 1. HP: 10/10 MP: 2/2
    21 | D:1      | Reached skill level 6 in Stealth
   307 | D:1      | Reached XP level 2. HP: 9/15 MP: 3/3
  1576 | D:1      | Reached XP level 3. HP: 18/18 MP: 4/4
  1599 | D:1      | Reached skill level 7 in Stealth
  3021 | D:2      | Reached XP level 4. HP: 23/23 MP: 4/6
  3199 | D:3      | Found Fuffarun's Antique Weapon Shoppe.
  3233 | D:3      | Reached skill level 1 in Spellcasting
  3235 | D:3      | Learned a level 1 spell: Sting
  3287 | D:3      | Found Ewna's General Store.
  3302 | D:3      | Learned a level 2 spell: Poisonous Vapours
  3398 | D:3      | Identified a scroll of acquirement
  3398 | D:3      | Acquired the +3 warlock's mirror {reflect}
  3398 | D:3      | Found the +3 warlock's mirror {reflect}
  3438 | D:3      | Found a faded altar of an unknown god.
  3564 | D:3      | Reached XP level 5. HP: 26/26 MP: 4/7
  3644 | D:3      | Found Manuni's Distillery.
  3651 | D:3      | Bought a potion of curing for 36 gold pieces
  3651 | D:3      | Bought a potion of degeneration for 12 gold pieces
  3822 | D:3      | Found a runed translucent gate.
  3822 | D:3      | Found a runed translucent gate.
  3823 | D:3      | Found a runed translucent gate.
  3825 | D:3      | Noticed NotreDorf's ghost (amateur MfGl)
  4105 | D:4      | Reached skill level 1 in Poison Magic
  4502 | D:4      | Reached skill level 8 in Stealth
  4554 | D:4      | Noticed an ogre
  4557 | D:4      | Reached skill level 1 in Transmutations
  4557 | D:4      | Reached XP level 6. HP: 32/32 MP: 8/8
  4560 | D:4      | Reached skill level 1 in Air Magic
  4784 | D:4      | Found a staircase to the Ecumenical Temple.
  4793 | Temple   | Entered the Ecumenical Temple
  4976 | Temple   | Became a worshipper of Gozag Ym Sagoz the Greedy
  5061 | D:4      | Reached skill level 1 in Shields
  5061 | D:4      | Reached XP level 7. HP: 33/35 MP: 10/10
  5068 | D:4      | Reached skill level 9 in Stealth
  5317 | D:5      | Entered Level 5 of the Dungeon
  5466 | D:5      | Noticed Grinder
  5481 | D:5      | Paralysed by Grinder for 6 turns
  5486 | D:5      | Slain by an orc

Illustrated notes

Levels and vault maps discovered:
D:1:      dpeg_arrival_boxorama, layout_basic, minmay_misc_feat_roman,
          minmay_hexomino_c4
D:2:      layout_basic, minmay_rat_hole
D:3:      layout_basic, ebering_ghost_rock_garden, serial_shops,
          nicolae_shop_hallway_stairs, nicolae_shop_advertising_works
          [nicolae_subvault_shop_adworks], nicolae_square_shop,
          hellmonk_ecumenical_altar_lost_god, minmay_between
D:4:      minmay_razor_zed, layout_cave_pools
D:5:      layout_basic, gup_sewer_entry_glass, grunt_tough_drop, uniq_grinder
Temple:   mainiacjoe_temple_big_plus

Skill      XL: |  1  2  3  4  5  6  7 |
---------------+----------------------+-----
Stealth        | 6 7 8 9 |  9.2
Dodging        | 2 3 |  3.4
Fighting       | 2 |  2.9
Spellcasting   | 1 2 |  2.1
Short Blades   | 3 |  3.8
Poison Magic   | 1 |  1.9
Transmutations | 1 2 |  2.2
Air Magic      | 1 |  1.3
Shields        | 1 |  1.2
Throwing       | |  2.2
Evocations     | |  0.9

Action                   |  1- 3 |  4- 6 |  7- 9 || total
-------------------------+-------+-------+-------++-------
Melee: Dagger            |   157 |    94 |    73 ||   324
       Punch             |     2 |     1 |       ||     3
Throw: Dart              |    24 |    10 |     6 ||    40
 Cast: Sting             |       |     3 |       ||     3
Evoke: Wand              |       |     1 |     1 ||     2
  Use: Scroll            |       |    12 |       ||    12
 Stab: Sleeping          |    13 |    27 |     2 ||    42
       Distracted        |       |     1 |     1 ||     2
Armor: Robe              |    25 |     3 |    12 ||    40
Dodge: Dodged            |   107 |    54 |    47 ||   208
Block: Buckler           |       |    35 |    39 ||    74
       Reflection        |       |       |     2 ||     2
